[Event "GER-ch Youth-U18 2022"]
[Site "Willingen"]
[Date "2022.06.05"]
[Round "1.11"]
[White "Weihrauch, Jakob"]
[Black "Wehrle, Maximilian"]
[Result "*"]
[ECO "B81"]
[WhiteElo "2139"]
[BlackElo "1786"]
[Annotator "TA"]
[PlyCount "43"]
[EventDate "2022.06.05"]
[EventType "swiss"]
[EventRounds "9"]
[EventCountry "GER"]
[SourceTitle "playchess.com"]
[Source "ChessBase"]
[SourceQuality "1"]
[TimeControl "40/4500+30:900+30"]

1. e4 c5 2. Nf3 e6 3. d4 cxd4 4. Nxd4 Nf6 5. Nc3 d6 6. g4 h6 7. h4 a6 8. Rg1 d5 {[%emt 0:08:14] was the old line (8...g6).} 9. exd5 Nxd5 10. Nxd5 {[%emt 0:00:12] B81: Sicilian Scheveningen: Keres Attack.} Qxd5 11. Bg2 Qe5+ (11... Qd6 $11) 12. Be3 $1 $14 {[%emt 0:03:38] White is slightly better.} ({Of course not} 12. Kf1 Qc7 $11) 12... Bc5 (12... Qh2 $14 13. Ne2 Nc6) 13. c3 {[%emt 0:07:34][%cal Bc2c3,Bc3d4][%mdl 32] [#]} O-O $146 {[%emt 0:09:20][%cal Ob8c6] [#]} ({Predecessor:} 13... Bxd4 14. Qxd4 Qxd4 15. Bxd4 O-O 16. O-O-O Nc6 17. Bc5 Re8 18. f4 Ne7 19. Bxe7 Rxe7 {1-0 (27) Ehlvest,J (2517)-Schut,H (2101) Chess.com INT 2021}) 14. g5 $1 {[%emt 0:07:53][%cal Bg4g5,Bg5h6][%mdl 32] White is more active.} Bxd4 (14... h5 $16 {might work better.}) 15. cxd4 $18 ({Don't take} 15. Qxd4 $6 Qxd4 16. Bxd4 hxg5 $16) 15... Qh2 16. Kf1 Bd7 {[%emt 0:00:50] Hoping for ...Bb5+.} 17. a4 {[%emt 0:00:06] Inhibits Bb5+.} Bc6 $2 (17... h5) 18. gxh6 Bxg2+ 19. Rxg2 Qh1+ 20. Rg1 Qh3+ 21. Ke1 g6 {[%emt 0:00:33] [#]} 22. h5 $1 {[%emt 0:17:47] Weighted Error Value: White=0.22 (precise) /Black=0.54} *

[Event "GER-ch Youth-U18 2022"]
[Site "Willingen"]
[Date "2022.06.05"]
[Round "1.12"]
[White "Rohde, Niclas"]
[Black "Haack, Kevin"]
[Result "1/2-1/2"]
[ECO "B23"]
[WhiteElo "1730"]
[BlackElo "2176"]
[Annotator "TA"]
[PlyCount "107"]
[EventDate "2022.06.05"]
[EventType "swiss"]
[EventRounds "9"]
[EventCountry "GER"]
[SourceTitle "playchess.com"]
[Source "ChessBase"]
[SourceQuality "1"]
[TimeControl "40/4500+30:900+30"]

1. e4 c5 2. Nc3 Nc6 3. f4 g6 4. Nf3 Bg7 5. Bc4 e6 6. d3 Nge7 7. O-O d5 8. Bb3 O-O 9. Qe1 Na5 10. Bd2 b6 {[%emt 0:00:00] B23: Closed Sicilian: Lines without g3.} (10... Nec6 $5 ) 11. Nd1 Nec6 {[%emt 0:00:00] [#]} 12. c3 $146 ({Predecessor:} 12. Bc3 d4 13. Bd2 b5 14. Ne5 Nxb3 15. Nxc6 Qc7 16. axb3 Qxc6 17. Qh4 f5 18. Nf2 {0-1 (28) Omarov,O (2278)-Akkozov,B (2363) Astana 2012}) 12... Nxb3 {[%emt 0:00:00] Black is slightly better.} 13. axb3 dxe4 14. dxe4 a5 15. Be3 Ba6 16. Rf2 Qd3 17. e5 Rfd8 18. Rd2 Qb5 19. Ra3 {[%emt 0:01:35] And now c4 would win.} Ne7 20. c4 Qc6 21. Nc3 Nf5 22. Ra1 Rxd2 23. Qxd2 Bf8 24. Rd1 Bb7 25. Qf2 Be7 26. Rd2 h5 27. h3 Kg7 28. Kh2 Rh8 29. Qe1 Rd8 (29... Qc8 $17 30. Bf2 Rd8) 30. Rxd8 $15 Bxd8 31. Qd2 {[%emt 0:00:16] Against Qd7} Bh4 32. Bf2 Bxf2 33. Qxf2 Nd4 (33... Qd7 $17 34. Qd2 Nd4) 34. Nd2 Nf5 35. Nde4 Ba8 (35... Qd7 $5 36. Ng3 Nh6 $15) 36. Qd2 Nd4 37. Qd1 Bb7 38. Kg1 Kf8 39. Qd2 Kg7 40. Qd1 Ba8 41. Kh2 Qc7 42. Nf6 {[%emt 0:00:00] Pair of Knights!} Qc8 {[%emt 0:00:00] Prevents Ne8+.} 43. Nce4 Qc6 (43... Bxe4 $11 44. Nxe4 Kg8) 44. Qd3 {[%emt 0:00:00] Black must now prevent Qg3.} a4 $2 {[%emt 0:02:32][%mdl 8192] [#]} (44... h4 $1 $14) 45. Qg3 $1 $18 {[%emt 0:00:00] aiming for Qg5.} Qc8 $2 (45... Nf5 46. Qg5 h4) 46. bxa4 $2 (46. Nd6 $18 Qc6 47. bxa4) 46... Bxe4 $11 47. Nxe4 $18 {[%emt 0:00:00][%mdl 4096] Endgame Hoping for Qg5. KQN-KQN} Qd8 48. Nd6 Nf5 49. Nxf5+ (49. Qg5 $16 Qxg5 50. fxg5) 49... exf5 $11 50. Qe3 Qd1 $2 {[%emt 0:01:45][%mdl 8192] [#]} (50... Qd7 $11 {and Black is okay.}) 51. e6 $1 $18 fxe6 52. Qxe6 ({White has to play} 52. Qe5+ $18 Kf7 53. Qc7+ Kf6 54. Qxb6) 52... Qd4 $11 53. Qe7+ Kg8 54. Qe8+ {[%emt 0:00:44] Weighted Error Value: White=0.32/Black=0.42} 1/2-1/2

[Event "GER-ch Youth-U18 2022"]
[Site "Willingen"]
[Date "2022.06.05"]
[Round "1.13"]
[White "Geltz, Noah"]
[Black "Chen, Qingzhi Alexander"]
[Result "1-0"]
[ECO "B51"]
[WhiteElo "2156"]
[BlackElo "1879"]
[Annotator "TA"]
[PlyCount "85"]
[EventDate "2022.06.05"]
[EventType "swiss"]
[EventRounds "9"]
[EventCountry "GER"]
[SourceTitle "playchess.com"]
[Source "ChessBase"]
[SourceQuality "1"]
[TimeControl "40/4500+30:900+30"]

1. e4 c5 2. Nf3 d6 3. Bb5+ Nd7 4. c4 a6 5. Ba4 g6 6. Nc3 {[%emt 0:00:00] B51: Sicilian: Moscow Variation (3 Bb5+) without 3...Bd7.} Bg7 7. d4 cxd4 8. Nxd4 {[%emt 0:00:00] White has an edge.} Ngf6 9. O-O O-O {[%emt 0:00:00] [#]} 10. Kh1 $146 ({Predecessor:} 10. h3 e6 11. Be3 Qc7 12. Rc1 b6 13. Bxd7 Bxd7 14. Qd3 Rac8 15. b3 Qb7 16. Rfd1 {0-1 (49) Robson,R (2676)-Sasikiran,K (2650) Chess.com INT 2022}) 10... Ne5 11. Bb3 h5 ({Better is} 11... Bd7 $11) 12. f4 $14 Bg4 (12... Nc6 $14) 13. Qd2 Bh6 {[%emt 0:03:27] [#] A mistake that costs the game.} (13... Nc6 $16 {might work better.}) 14. Qc2 $1 $18 Nc6 15. Nxc6 bxc6 {[%emt 0:00:05] [#]} 16. f5 $1 Bxc1 17. Qxc1 {[%emt 0:00:56] Black must now prevent fxg6.} Kg7 18. h3 e6 19. Qg5 Qa5 (19... Nxe4 $142 20. Nxe4 Qxg5 21. Nxg5 Bxf5) 20. Rae1 {[%emt 0:04:25] Chess con chili.} (20. hxg4 hxg4 21. Qe3 Rh8+ 22. Kg1 Qe5 $16) 20... Rae8 $2 (20... Qe5 {was worth a try.} 21. hxg4 Rab8) 21. hxg4 {[%emt 0:03:39][%cal Oe4e5] aiming for e5!} hxg4 (21... Qe5 $142 22. Qf4 Qxf4 23. Rxf4 Nxg4) 22. e5 Rh8+ 23. Kg1 Nd7 24. f6+ Kg8 25. Ne4 ({Don't play} 25. Qxg4 Qc5+ 26. Rf2 Nxe5 $18) 25... Rh5 $2 {[%emt 0:04:25] [#]} (25... d5 26. Nd6 Rd8) 26. Qxg6+ $3 fxg6 27. f7+ Kf8 28. fxe8=Q+ Kxe8 29. Nxd6+ Ke7 30. Rf7+ Kd8 31. Nb7+ Ke8 32. Nxa5 Kxf7 33. Nxc6 g3 34. Bc2 Rh8 35. Rf1+ Kg7 36. Rd1 Nb8 37. Nd8 Rh4 38. b3 Rh5 39. Nxe6+ Kf7 {[%emt 0:01:17] [#]} 40. Bxg6+ $1 Kxe6 (40... Kxg6 41. Nf4+) 41. Bxh5 {[%emt 0:15:08] White mates.} Kxe5 42. Be8 a5 43. Bb5 {[%emt 0:00:07] Weighted Error Value: White=0.33/Black=0.58} 1-0

[Event "GER-ch Youth-U18 2022"]
[Site "Willingen"]
[Date "2022.06.05"]
[Round "1.14"]
[White "Orf, Niklas"]
[Black "Bornholdt, Joa Max"]
[Result "0-1"]
[ECO "D00"]
[WhiteElo "1797"]
[BlackElo "2155"]
[Annotator "TA"]
[PlyCount "36"]
[EventDate "2022.06.05"]
[EventType "swiss"]
[EventRounds "9"]
[EventCountry "GER"]
[SourceTitle "playchess.com"]
[Source "ChessBase"]
[SourceQuality "1"]
[TimeControl "40/4500+30:900+30"]

1. d4 d5 2. Bf4 c5 3. e3 Nc6 4. Nf3 Nf6 5. Nbd2 g6 6. h3 {[%emt 0:00:00] D02: 1 d4 d5 2 Nf3 sidelines, including 2...Nf6 3 g3 and 2...Nf6 3 Bf4.} ({White should play} 6. dxc5 $14 Nh5 7. Bg5) 6... Bg7 {[%emt 0:00:00] [#]} 7. Nb3 $146 ({Predecessor:} 7. c3 O-O 8. Bd3 Nd7 9. Bg5 b6 10. O-O Bb7 11. Re1 Qc7 12. e4 dxe4 13. Nxe4 cxd4 14. cxd4 Nxd4 15. Nxd4 Bxd4 {1-0 (65) Ibarra Jerez,J (2558)-Harshavardhan,G (2397) Chess.com INT 2021}) 7... Ne4 8. c3 {[%emt 0:01:40] The position is equal.} O-O 9. dxc5 e5 10. Bh2 Be6 11. Bd3 (11. Bb5 $11) 11... Ng5 (11... Qe7 $15) 12. Be2 $11 a5 13. Nbd2 Nxf3+ 14. Nxf3 Qe7 15. Bb5 f6 ({Don't do} 15... Qxc5 16. Bxc6 bxc6 17. Bxe5 $14) 16. b4 (16. Nd4 $1 $11 {remains equal.}) 16... axb4 $17 {[%emt 0:03:03] Black is clearly better.} 17. Bxc6 bxc6 18. cxb4 Qb7 {[%emt 0:00:22] Weighted Error Value: White=0.36/Black=0.21 (precise)} 0-1

[Event "GER-ch Youth-U18 2022"]
[Site "Willingen"]
[Date "2022.06.05"]
[Round "2.1"]
[White "Weihrauch, Jakob"]
[Black "Koelle, Tobias"]
[Result "1/2-1/2"]
[ECO "B32"]
[WhiteElo "2139"]
[BlackElo "2431"]
[Annotator "TA"]
[PlyCount "52"]
[EventDate "2022.06.05"]
[EventType "swiss"]
[EventRounds "9"]
[EventCountry "GER"]
[SourceTitle "playchess.com"]
[Source "ChessBase"]
[SourceQuality "1"]
[TimeControl "40/4500+30:900+30"]

1. e4 c5 2. Nf3 Nc6 3. d4 cxd4 4. Nxd4 e5 5. Nb5 d6 6. c4 Be6 $1 {[%emt 0:00:00][%mdl 4] is more profitable than 6...Be7 at the moment.} 7. N1c3 a6 8. Na3 g6 {[%emt 0:00:00] B32: Sicilian: Löwenthal and Kalashnikov Variations.} 9. Nc2 Bg7 {[%emt 0:00:00] [#]} 10. Nd5 $146 ({Predecessor:} 10. Be3 Nf6 11. Be2 Rc8 12. b3 O-O 13. O-O b5 14. cxb5 Ne7 15. Bd2 axb5 16. Bxb5 {0-1 (35) Anand,V (2753)-Maghsoodloo,P (2676) Chess.com INT 2020}) 10... Nf6 11. Bg5 Bxd5 12. cxd5 Ne7 (12... Qa5+ $2 13. Bd2 Qc7 14. dxc6 $18) 13. Bxf6 ({Better is} 13. f3 $14) 13... Bxf6 $11 14. h4 Qb6 15. Qf3 Bg7 16. O-O-O f5 17. Bd3 O-O {[%emt 0:03:42] Threatens to win with ...fxe4.} 18. Qe3 Nc8 (18... Qxe3+ $17 19. fxe3 Rac8) 19. h5 Qxe3+ 20. Nxe3 Ne7 21. hxg6 hxg6 22. f3 fxe4 23. fxe4 Bf6 24. Kd2 Bg5 25. Ke2 Rf7 (25... Kg7 $11) 26. Rdf1 (26. Nc4 $5 ) 26... Bxe3 {[%emt 0:07:43] Weighted Error Value: White=0.13 (very precise) /Black=0.18 (very precise)} 1/2-1/2

[Event "GER-ch Youth-U18 2022"]
[Site "Willingen"]
[Date "2022.06.05"]
[Round "2.2"]
[White "Geltz, Noah"]
[Black "Fromm, Marius"]
[Result "0-1"]
[ECO "B40"]
[WhiteElo "2156"]
[BlackElo "2317"]
[Annotator "TA"]
[PlyCount "70"]
[EventDate "2022.06.05"]
[EventType "swiss"]
[EventRounds "9"]
[EventCountry "GER"]
[SourceTitle "playchess.com"]
[Source "ChessBase"]
[SourceQuality "1"]
[TimeControl "40/4500+30:900+30"]

1. e4 c5 2. Nf3 e6 3. b3 a6 4. Bb2 Nc6 5. c4 Qc7 6. g3 {[%emt 0:00:00] B40: Sicilian: 2...e6, Unusual lines.} Nf6 7. e5 Ng4 8. Bg2 {[%emt 0:00:00] [#] The position is equal.} Ngxe5 $146 ({Predecessor:} 8... Be7 9. O-O O-O 10. Re1 f6 11. exf6 Bxf6 12. Bxf6 Nxf6 13. d4 cxd4 14. Nxd4 e5 {1-0 (75) Antipov,M (2609)-Tsolakidou,S (2379) Chess.com INT 2021}) 9. Nxe5 Nxe5 10. O-O Nc6 11. Qg4 (11. Re1 $1 $11 {remains equal.}) 11... h5 12. Qe4 Nd4 (12... h4 $15) 13. Bxd4 $11 {[%emt 0:07:53] Hoping for Bb2.} cxd4 14. Qxd4 Qc5 15. Qb2 h4 16. Re1 hxg3 17. hxg3 Rb8 18. Re5 (18. Nc3 $11) 18... Qa7 {[%emt 0:01:28] With the idea ...b5.} 19. d4 Be7 20. Nc3 {[%emt 0:10:52] Inhibits b5.} ({White should try} 20. Nd2 $11) 20... Qxd4 $15 21. Re4 Qf6 22. Rf4 Qh6 (22... Qe5 $1 $17 {White must now prevent ...b5.} 23. Re4 Qf6) 23. Ne4 $11 g5 24. Nf6+ (24. Rf6 $11 Qg7 25. Qe5 (25. Nd6+ Kd8 $11)) 24... Kf8 $1 $17 (24... Bxf6 25. Rxf6 Qh5 26. Qe5 $16 (26. Kf1 b5 $14)) 25. Rf3 (25. Ng4 Qg7 26. Qxg7+ Kxg7 $19) 25... Qg7 ({Black should play} 25... d6 $17 {Strongly threatening ...e5.} 26. Kf1 Qg7) 26. Qd4 (26. Qe5 d6 27. Qc3 Rh6 $17) (26. Rd1 $15) 26... b6 $1 {[%emt 0:06:46] aiming for ...Rh6.} (26... Qh6 27. Ng4 Qh5 28. Qa7 Qxg4 29. Rd1 $16 (29. Qxb8 Qd4 $11)) 27. Rd1 {[%emt 0:00:17] [#]} (27. Qe5 $2 d6 28. Qc3 g4 29. Nxg4 Qxc3 30. Rxc3 f5 $19) 27... d6 $1 $36 {[%emt 0:03:20][%mdl 2048] Prevents Qe5. Black is in control.} (27... Qh6 28. Qe5 Rb7 29. Ng4 $16) 28. Qd2 $2 {[%emt 0:04:09][%mdl 8192] [#]} Qg6 $2 ({And not} 28... Qh6 29. Re1 $17) (28... g4 $1 $19 {[%cal Rg4f3] and Black stays clearly on top.} 29. Rf4 e5) 29. Ne4 Bb7 $19 30. Re3 (30. Re1 $142) 30... Qh5 31. Qd4 (31. Kf1 $142) 31... e5 {[%emt 0:01:18] Black is clearly winning.} 32. Qd3 f5 33. Rf3 g4 ({Worse is} 33... Bxe4 34. Qxe4 f4 35. Qf5+ Qf7 36. Qe4 $15) 34. Nf6 Qh2+ 35. Kf1 {[%emt 0:00:14] [#]} Qxg2+ $3 {[%emt 0:00:27][%mdl 512] Weighted Error Value: White=0.71/Black=0.31} 0-1

[Event "GER-ch Youth-U18 2022"]
[Site "Willingen"]
[Date "2022.06.05"]
[Round "2.3"]
[White "Bornholdt, Joa Max"]
[Black "Hinrichs, Paul"]
[Result "0-1"]
[ECO "D70"]
[WhiteElo "2155"]
[BlackElo "2244"]
[Annotator "TA"]
[PlyCount "112"]
[EventDate "2022.06.05"]
[EventType "swiss"]
[EventRounds "9"]
[EventCountry "GER"]
[SourceTitle "playchess.com"]
[Source "ChessBase"]
[SourceQuality "1"]
[TimeControl "40/4500+30:900+30"]

1. d4 d5 2. c4 c6 3. Nf3 Nf6 4. Nbd2 e6 5. g3 Bd6 6. Bg2 {[%emt 0:00:00] D30: Queen's Gambit Declined: Systems without Nc3.} Nbd7 7. O-O h6 8. Qc2 {[%emt 0:00:00] [#] White is slightly better.} b5 $146 ({Predecessor:} 8... O-O 9. Rd1 b5 10. c5 Bc7 11. a4 b4 12. a5 Ba6 13. e4 dxe4 14. Nxe4 Nxe4 15. Qxe4 Nxc5 16. Qc2 Nb7 {½-½ (53) Domogaev,S (2365)-Pshmahov,O (2039) Voronezh 2019}) 9. e4 dxe4 10. Nxe4 Nxe4 11. Qxe4 Rb8 12. c5 (12. Qxc6 Rb6 13. Qa8 bxc4 $11) 12... Bc7 13. b4 (13. Qxc6 $2 Bb7 14. Qxb5 Bxf3 $19) 13... a5 14. Ne5 ({Don't blunder} 14. Qxc6 $2 Bb7 15. Qxb7 Rxb7 $19) 14... Nxe5 15. dxe5 O-O 16. Bf4 (16. Qxc6 Bb7 17. Qxb7 Rxb7 18. Bxb7 Bxe5 $17) 16... axb4 17. Rfd1 ({Stronger than} 17. Qxc6 Bb7 18. Qxb7 Rxb7 19. Bxb7 g5 $17) 17... Qe7 18. Be3 Bb7 19. f4 Rfd8 20. Qxb4 Rxd1+ 21. Rxd1 Ra8 22. Qb3 Rd8 23. Ra1 Qd7 24. Be4 Ba5 25. Kg2 g6 26. Kf3 Kg7 27. h3 Qe7 28. Rd1 Rd7 (28... h5 $14) 29. Rd6 $16 Bc7 (29... Rd8 $16 {was called for.}) 30. Qc3 $2 Qd8 $2 {[%emt 0:02:12] [#]} ({Better is} 30... Rd8 $14) 31. Rxd7 $2 ({But not} 31. Bxc6 $2 Bxc6+ 32. Kf2 (32. Rxc6 $2 Qa8 $19) 32... Bxd6 33. exd6+ f6 $19) (31. f5 $1 $18 Bxd6 (31... gxf5 32. Bxf5) 32. exd6+ e5 33. Qxe5+ f6 34. Qe6) 31... Qxd7 $14 32. Qc2 Ba5 33. Ke2 h5 34. Bd2 Qxd2+ (34... Qd8 $14) 35. Qxd2 $18 Bxd2 36. Kxd2 $14 {[%emt 0:00:10][%mdl 4096] Endgame KB-KB} Kf8 37. Kc3 Ke7 38. Kb4 Kd7 39. Ka5 {[%emt 0:00:32] aiming for Kb6.} Kc7 40. Bd3 Bc8 41. a3 Kb7 42. g4 $2 ({Only move:} 42. h4 $18 Ka7 43. Be4) 42... hxg4 43. hxg4 Ka7 {[%emt 0:00:25] [#]} (43... Kc7 $14) 44. Bxb5 $1 $18 cxb5 {[%emt 0:00:00] KB-KP} (44... Bd7 45. Ba6 Be8) 45. c6 g5 46. fxg5 Ba6 {[%emt 0:00:00] [#]} 47. g6 $1 fxg6 48. g5 Bc8 49. Kxb5 Kb8 50. Kb6 Bb7 51. a4 $4 (51. Kc5 $18 Ba6 52. Kd6) 51... Ba8 $19 52. a5 Kc8 53. a6 Kb8 54. c7+ Kc8 55. Ka7 Bf3 56. Kb6 Be4 {[%emt 0:00:00] Black used his chance.  Weighted Error Value: White=0.45/Black=0.39} 0-1

[Event "GER-ch Youth-U18 2022"]
[Site "Willingen"]
[Date "2022.06.05"]
[Round "2.4"]
[White "Musiolik, David"]
[Black "von Mettenheim, Johannes"]
[Result "0-1"]
[ECO "A06"]
[WhiteElo "2220"]
[BlackElo "2176"]
[Annotator "TA"]
[PlyCount "90"]
[EventDate "2022.06.05"]
[EventType "swiss"]
[EventRounds "9"]
[EventCountry "GER"]
[SourceTitle "playchess.com"]
[Source "ChessBase"]
[SourceQuality "1"]
[TimeControl "40/4500+30:900+30"]

1. Nf3 d5 2. e3 Nf6 3. c4 e6 4. Nc3 Be7 5. b3 O-O 6. Bb2 b6 7. cxd5 {[%emt 0:00:00] A13: English Opening: 1...e6.} exd5 8. d4 Re8 {[%emt 0:00:00] [#]} 9. Ne5 $146 {[%emt 0:05:27] White has an edge.} ({Predecessor:} 9. Be2 Bb7 10. O-O Nbd7 11. Rc1 a6 12. Qc2 Bd6 13. Rfd1 Qe7 14. h3 Ne4 15. Nxe4 dxe4 {1-0 (31) Boruchovsky,A (2538)-Katz,A (2444) Chess.com INT 2019}) 9... Bd6 10. f4 (10. Bb5 $11) 10... c5 (10... Bb4 $15) 11. Bb5 $11 Re7 12. O-O Bb7 13. Bd3 a6 {[%emt 0:01:01] Inhibits Nb5.} (13... cxd4 $11 {remains equal.} 14. exd4 Nc6) 14. Ne2 (14. Na4 $5 ) 14... Nc6 15. Ng3 Re8 ({Black should try} 15... Rc7 $14) 16. Nh5 $1 $16 g6 (16... cxd4 $16 {was worth a try.} 17. Nxf6+ Qxf6) 17. Nxf6+ $1 $18 Qxf6 18. Ng4 $1 Qg7 19. f5 $1 {[%emt 0:00:46] Black must now prevent fxg6.} (19. dxc5 $6 Qxb2 20. cxd6 f5 21. Nh6+ (21. Bxf5 gxf5 22. Nh6+ Kh8 $11) 21... Kh8 $14) 19... Kh8 $2 (19... cxd4 $16 {was necessary.} 20. fxg6 hxg6) 20. fxg6 fxg6 21. Rf6 (21. dxc5 Bxh2+ 22. Kxh2 Qxb2 $16) 21... Rad8 22. dxc5 Bxc5 {[%emt 0:02:45] [#]} (22... bxc5 $16 {is a better defense.} 23. Qf1 d4) 23. Rf8+ $2 Rxf8 $11 24. Bxg7+ Kxg7 25. Qd2 h5 $1 {[%emt 0:01:50] Active counter play!} 26. Nf2 Rde8 {[%emt 0:01:34][%mdl 1024] Black has compensation.} 27. Re1 d4 28. Qb2 (28. e4 $1 $11) 28... Nb4 $1 $17 {[%emt 0:10:24][%cal Of8f2] aiming for ...Rxf2!} 29. Bb1 (29. Be2 $17 {might work better.} Rxe3 30. a3) 29... Kh7 (29... Kh6 $1 $19 {is more deadly.} 30. Qc1 dxe3) 30. Nd3 $2 (30. Qe2 $17 {was forced.} Re5 31. a3 dxe3 32. Ng4 (32. Nd3 $2 Nxd3 33. Bxd3 Rf2 $19) 32... hxg4 33. axb4) 30... Nxd3 $19 31. Bxd3 {[%emt 0:00:03] Strongly threatening b4.} dxe3 $40 {[%emt 0:00:10][%mdl 128] Black attacks with force.} 32. b4 $2 (32. Qe2 Re5 33. Kh1 Rg5 34. Bxa6 Bxg2+ 35. Qxg2 Rxg2 36. Kxg2 Rf2+ 37. Kh1 Rxa2 $19) (32. Kh1 Be4 33. Bxe4 Rxe4 34. Qe2) 32... Rf2 $1 33. Re2 {[%emt 0:00:04] [#]} Ref8 $2 (33... Rxe2 $2 34. Qxe2 Bf3 35. gxf3 $18) (33... Rxg2+ $1 34. Rxg2 e2+ 35. bxc5 e1=Q+ 36. Bf1 Bxg2 37. Qxg2 bxc5) 34. Qb1 $2 ({Don't blunder} 34. Bxg6+ $2 Kh6 $19) (34. Qc1 {only move.} Bd4 35. h3) 34... Bd4 $1 35. Rxf2 (35. Qc1 $19 Be4 36. Bxa6) 35... Rxf2 ({Not} 35... exf2+ 36. Kf1 Rf6 37. Qd1 $16) 36. Bxg6+ Kh8 (36... Kg8 $142 37. Bf7+ Kf8 38. Qc1 Rc2 $3 39. Kf1 e2+ 40. Ke1 Bc3+ 41. Qd2 Rxd2 42. Kf2 Rc2 43. Bd5 e1=Q+ 44. Kf3 Bxd5+ 45. Kf4 Qe5#) 37. Qd3 Rxg2+ 38. Kf1 e2+ 39. Ke1 Bf6 {[%emt 0:00:44] ( -> ...Bh4+). This bishop pair is nice.} 40. Qh3 {[%emt 0:01:16] [#] Prevents Bh4+.} Bf3 $1 ({Inferior is} 40... Rxg6 41. Qf5 Bc3+ 42. Kxe2 $17) 41. Qc8+ Kg7 {[%emt 0:00:00] Black mates.} 42. Qd7+ Kh6 43. Qh7+ Kg5 44. h4+ Kxh4 45. Qc7 Rg1+ {[%emt 0:00:00] What a bad dream for White.  Weighted Error Value: White=0.65/Black=0.63} 0-1